 Dungeon Crawl Stone Soup version 0.28-a0-730-g892d06dc2c (webtiles) character file.

Game seed: 2225915813252326439

72 pokeman the Magician (level 4, -5/25 HPs)
             Began as a Deep Elf Hedge Wizard on Oct 28, 2021.
             Slain by Grinder (8 damage)
             ... while paralysed by Grinder
             ... on level 3 of the Dungeon.
             The game lasted 00:04:42 (3060 turns).

pokeman the Magician (Deep Elf Hedge Wizard)        Turns: 3060, Time: 00:04:42

Health: -5/25      AC:  4    Str:  7    XL:     4   Next: 7%
Magic:  8/13       EV:  2    Int: 20    God:
Gold:   87         SH:  0    Dex: 14    Spells: 3/14 levels left

rFire   + . .      SeeInvis .   f - staff of fire
rCold   . . .      Faith    .   (no shield)
rNeg    . . .      Spirit   .   b - +0 robe
rPois   .          Reflect  .   n - +0 helmet
rElec   .          Harm     .   (no cloak)
rCorr   .          Rampage  .   (no gloves)
Will    .....                   a - +0 pair of boots
Stlth   ++........              (no amulet)
HPRegen 0.08/turn               (no ring)
MPRegen 0.13/turn               (no ring)

@: paralysed
A: no striking features
a: no special abilities


You were on level 3 of the Dungeon.
You visited 1 branch of the dungeon, and saw 3 of its levels.

You collected 87 gold pieces.

Inventory:

Missiles
 h - 11 arrows
 p - 44 bolts
Armour
 a - a +0 pair of boots (worn)
 b - a +0 robe (worn)
 n - a +0 helmet (worn)
Magical Staves
 f - a staff of fire (weapon)
Scrolls
 d - 2 scrolls of noise {unknown}
 e - 2 scrolls of immolation {unknown}
 j - a scroll of brand weapon {unknown}
 k - a scroll of enchant armour {unknown}
 l - a scroll of teleportation {unknown}
 m - a scroll of magic mapping {unknown}
Potions
 c - a potion of curing {unknown}
 g - 2 potions of haste {unknown}
 i - a potion of mutation {unknown}
 o - 2 potions of lignification {unknown}


   Skills:
 - Level 1.0 Fighting
 - Level 1.0 Armour
 + Level 2.5 Dodging
 - Level 2.4 Stealth
 * Level 5.5 Spellcasting
 + Level 2.0 Conjurations
 - Level 1.1 Summonings
 - Level 1.1 Translocations
 + Level 0.2 Fire Magic


You had 3 spell levels left.
You knew the following spells:

 Your Spells              Type           Power      Damage    Failure   Level
a - Magic Dart            Conj           52%        1d5       4%          1
b - Mephitic Cloud        Conj/Pois/Air  8%         N/A       24%         3
c - Call Imp              Summ           10%        N/A       11%         2
d - Blink                 Tloc           20%        N/A       11%         2
e - Conjure Flame         Conj/Fire      15%        6-21      21%         3

Your spell library contained the following spells:

 Spells                   Type           Power      Damage    Failure   Level
 Slow                     Hex            5%         N/A       17%         2
 Manifold Assault         Tloc           10%        N/A       88%         5
 Storm Form               Tmut/Air       2%         N/A       100%        7


Dungeon Overview and Level Annotations

Branches:
Dungeon (3/15)

Altars:
Zin

Annotations:
D:3 Grinder


Message History

Confirm with . or Enter, or press ? or * to list all spells.
A beastly little devil appears in a puff of flame.
Grinder hits you but does no damage. Grinder gestures at you.
You resist with significant effort.
Casting: Call Imp (safe; 11% risk of failure)
Confirm with . or Enter, or press ? or * to list all spells.
The spell is extremely dangerous to cast (21% risk of failure)!
Continue anyway?
You feel a surge of power!
The fire begins to smoulder!
Your crimson imp closely misses Grinder.
Grinder gestures at you.
You suddenly lose the ability to move!
Your crimson imp hits Grinder but does no damage.
Grinder gestures at you.
You shrug off the repeated paralysis!
You smother the flame.
Your crimson imp hits Grinder but does no damage.
Grinder gestures at you. Pain shoots through your body!
Your crimson imp closely misses Grinder.
Grinder hits you.
Your crimson imp blinks!
Grinder gestures at you.
You shrug off the repeated paralysis!
You can move again.
Your crimson imp hits Grinder but does no damage.
Your crimson imp misses Grinder.
Your crimson imp blinks!
Casting: Conjure Flame (extremely dangerous; 21% risk of failure)
Confirm with . or Enter, or press ? or * to list all spells.
You blink.
Grinder hits you!
* * * LOW HITPOINT WARNING * * *
You writhe in agony.
* * * LOW HITPOINT WARNING * * *
Unknown command.
There is a stone staircase leading down here.
You feel stable enough to blink again. Grinder gestures at you.
You suddenly lose the ability to move!
Grinder hits you!
You die...

## #.# #.########....## #.#
.###.#######..........###.#####.#
............#########.# #.......#
.....######.### #.###.#######
.....####.....# ##...##
.......##.###.#########.##
..#.......#.#.........#.#
.##....##.....#######.#.#########
..........).....@5>5............#
###.######...#######..#.######...
#.# ##.## #..#......†... #.# #.#
#..########... #. #)# #.5######
##.# #.# #....§..####.# .#
#..####.#..... ## #..# #.#.##.#
#..# #.#<##.#


You could see Grinder (ally target) and a friendly crimson imp (summoned).

Vanquished Creatures
  An adder (D:2)
  A worm (D:2)
  A dart slug (D:2)
  5 ball pythons
  4 endoplasms
  A giant cockroach (D:1)
  8 goblins
  2 hobgoblins
  12 jackals
  5 kobolds
  2 quokkas (D:2)
  4 bats
  5 frilled lizards
  2 rats (D:2)
53 creatures vanquished.

Notes
Turn   | Place    | Note
-------+----------+-------------------------------------------
     0 | D:1      | pokeman the Deep Elf Hedge Wizard began the quest for the
                  | Orb.
     0 | D:1      | Reached XP level 1. HP: 10/10 MP: 7/7
   331 | D:1      | Reached XP level 2. HP: 16/16 MP: 6/9
  1058 | D:1      | Reached skill level 5 in Spellcasting
  1469 | D:2      | Reached XP level 3. HP: 20/20 MP: 6/11
  1476 | D:2      | Learned a level 3 spell: Mephitic Cloud
  1479 | D:2      | Learned a level 2 spell: Call Imp
  1482 | D:2      | Learned a level 2 spell: Blink
  1486 | D:2      | Learned a level 3 spell: Conjure Flame
  1543 | D:2      | Found a glowing silver altar of Zin.
  1994 | D:2      | Reached skill level 1 in Fighting
  1994 | D:2      | Reached skill level 1 in Armour
  2744 | D:3      | Reached XP level 4. HP: 25/25 MP: 11/13
  3004 | D:3      | Found a faded altar of an unknown god.
  3016 | D:3      | Noticed Grinder
  3031 | D:3      | Paralysed by Grinder for 7 turns
  3043 | D:3      | Paralysed by Grinder for 6 turns
  3058 | D:3      | Paralysed by Grinder for 6 turns
  3060 | D:3      | Slain by Grinder

Illustrated notes

Levels and vault maps discovered:
D:1:      roderic_chinese_lattice_arrival, layout_basic, dk_noncrumbling_4,
          chequers_jeans, kennysheep_another_room
D:2:      layout_rooms, basic_altar, grunt_ministairs_14, patterned_corridor
D:3:      layout_loops_ring, cheibrodos_ashenzari_chains,
          basic_ecumenical_altar, chequers_garden, supply_closet_lemuel,
          uniq_jessica, uniq_grinder

Skill      XL: |  1  2  3 |
---------------+----------+-----
Spellcasting   | 5 |  5.5
Fighting       | 1 |  1.0
Armour         | 1 |  1.0
Conjurations   | 2 |  2.0
Dodging        | |  2.5
Stealth        | |  2.4
Summonings     | |  1.1
Translocations | |  1.1
Fire Magic     | |  0.2

Action                   |  1- 3 |  4- 6 || total
-------------------------+-------+-------++-------
Melee: Staff             |    54 |     1 ||    55
 Cast: Magic Dart        |   121 |     8 ||   129
       Conjure Flame     |       |     1 ||     1
       Blink             |       |     1 ||     1
       Call Imp          |       |     1 ||     1
Armor: Robe              |    30 |     2 ||    32
Dodge: Dodged            |    85 |       ||    85

Table legend: (Time is in decaauts)
 A = Elapsed time spent in this place.
 B = Non-inter-level travel time spent in this place.
 C = Inter-level travel time spent in this place.
 D = Time resting spent in this place.
 E = Time spent auto-exploring this place.
 F = Levels seen in this place.
 G = Mean time per level.
                   A        B        C        D        E       F      G
               +--------+--------+--------+--------+--------+-----+--------+
         Total |   3069 |   3021 |     48 |     80 |   2546 |   3 | 1023.0 |
       Dungeon |   3069 |   3021 |     48 |     80 |   2546 |   3 | 1023.0 |
               +--------+--------+--------+--------+--------+-----+--------+

Top non-repeatable levels by time:
     D:1: 1453 daAuts
     D:2: 1292 daAuts
     D:3: 323 daAuts
